Map: Frost LE

Players

Semper

  • Race: Terran Terran

Nerchio - Winner!

  • Race: Zerg Zerg

Event: 2016 WCS Summer Circuit Championship (DH Montreal)

VOD

Have the link to the VOD?

Description

Time

  • Played on: Aug. 12, 2016, 6:13 p.m.
  • Length: 10:11

All games in this series

Show
View Real Time Build Order
Export as new Build Order

Semper Terran 

Build Orders: Reaper Expand, MMM Bio 

Get SALT Encoding   

  12  0:00  SCV  
  13  0:12  SCV  
  14  0:17  Supply Depot  
  14  0:25  SCV  
  15  0:38  SCV  
  15  0:41  Barracks  
  16  0:44  Refinery  
  16  0:50  SCV  
  17  1:02  SCV  
  18  1:15  SCV  
  19  1:27  Orbital Command  
  19  1:28  Reaper  
  20  1:43  Command Center  
  20  1:53  SCV  
  21  1:57  Barracks  
  21  2:01  Barracks Reactor  
  21  2:05  SCV  
  22  2:10  Supply Depot  
  22  2:17  SCV  
  22  2:22  Refinery  
  23  2:26  Factory  
  23  2:32  SCV  
  24  2:38  Marine x2  
  26  2:44  SCV  
  26  2:45  Barracks Tech Lab  
  27  2:55  Orbital Command  
  27  2:56  SCV  
  27  2:57  Marine  
  29  2:58  Marine  
  30  3:07  Stimpack  
  30  3:08  SCV  
  31  3:13  Marine  
  31  3:17  Starport  
  32  3:21  SCV  
  32  3:22  SCV  
  32  3:26  Factory Reactor  
  34  3:27  Marine  
  34  3:29  Marine  
  34  3:33  SCV  
  37  3:36  Supply Depot, SCV  
  37  3:38  Marine  
  39  3:45  Marine, SCV  
  39  3:46  Marine  
  42  3:52  SCV  
  43  3:56  Marine  
  43  3:58  SCV  
  43  3:59  Supply Depot  
  45  4:03  Marine  
  45  4:04  Marine, SCV  
  45  4:06  Medivac  
  45  4:08  Medivac  
  52  4:12  Supply Depot, SCV  
  52  4:17  SCV  
  54  4:23  Marine x2  
  54  4:24  Marine, SCV  
  57  4:29  Engineering Bay  
  58  4:31  SCV  
  58  4:32  Engineering Bay  
  58  4:35  Refinery  
  58  4:38  Liberator  
  58  4:39  SCV  
  58  4:43  Marine, SCV  
  58  4:44  Marine x2  
  63  4:48  Supply Depot  
  63  4:50  Supply Depot  
  63  4:51  SCV  
  69  5:00  SCV  
  69  5:01  Marine  
  69  5:02  Terran Infantry Weapons Level 1  
  69  5:03  SCV  
  69  5:06  Terran Infantry Armor Level 1  
  70  5:09  Marine x2  
  72  5:16  SCV  
  72  5:17  Supply Depot  
  72  5:18  Combat Shields  
  72  5:19  Marine  
  74  5:22  SCV  
  75  5:34  SCV  
  75  5:35  Marine x2  
  77  5:36  Command Center, Factory Tech Lab  
  77  5:37  SCV  
  77  5:40  Refinery  
  77  5:42  Medivac  
  81  5:45  Medivac, Marine  
  81  5:47  SCV  
  85  5:53  Marine x2  
  85  5:56  Supply Depot  
  87  5:57  Supply Depot  
  87  6:02  Siege Tank  
  90  6:05  Marine, SCV  
  90  6:11  Marine, Barracks  
  93  6:17  Marine  
  93  6:18  SCV  
  91  6:23  Marine  
  92  6:28  Marine  
  92  6:29  SCV  
  92  6:31  Barracks  
  92  6:32  Barracks  
  94  6:33  Supply Depot  
  94  6:34  Armory  
  94  6:35  Marine  
  94  6:41  SCV  
  86  6:48  SCV  
  86  6:50  Marine  
  86  6:52  Orbital Command  
  86  6:53  Medivac x2  
  91  6:55  SCV  
  91  6:58  Marine  
  91  7:00  SCV  
  94  7:05  Barracks Reactor  
  94  7:06  Marauder  
  94  7:07  SCV  
  97  7:08  Marine  
  97  7:12  SCV  
  99  7:16  Marine  
  99  7:18  Barracks Reactor  
  99  7:19  SCV  
  98  7:24  Marine, SCV  
  98  7:25  Factory Reactor  
  98  7:26  Marine  
  98  7:27  Marine  
  102  7:30  Medivac  
  102  7:33  Supply Depot  
  102  7:34  Supply Depot, Marine  
  105  7:41  Orbital Command  
  105  7:43  Marine x2  
  108  7:44  Marine  
  108  7:45  Supply Depot, Marine  
  108  7:46  SCV  
  108  7:50  Barracks Reactor  
  110  7:52  Marine  
  108  8:07  Marine  
  108  8:12  SCV x2  
  111  8:16  SCV  
  111  8:17  Marine x6  
  118  8:20  Widow Mine, Medivac x2  
  118  8:21  Widow Mine  
  118  8:24  SCV x2  
  118  8:25  Marine  
  118  8:26  Factory  
  129  8:27  Supply Depot  
  129  8:28  Refinery x2, SCV  
  129  8:29  Supply Depot  
  130  8:35  Marine  
  130  8:36  SCV x2  
  130  8:39  Barracks  
  130  8:40  Barracks, Marine  
  133  8:46  Marine  
  133  8:47  Marine x4  
  137  8:49  Widow Mine x2, Marine  
  137  8:50  Marine  
  137  8:54  Marine  
  142  9:09  Marine x3  
  87  9:10  Marine  
  87  9:12  Marine  
  87  9:14  Marine  
  87  9:16  Marine x3  
  61  9:17  Widow Mine, Orbital Command  
  61  9:18  Widow Mine  
  61  9:22  Orbital Command  
  61  9:27  Marine x2  
  57  9:33  Marine  
  57  9:35  Marine  
  58  9:39  SCV  
  58  9:43  SCV  
  58  9:45  Marine  
  61  9:46  Marine  
  61  9:51  Marine, SCV  
  68  9:55  SCV  
Show
View Real Time Build Order
Export as new Build Order

Nerchio Zerg - Winner!

Build Orders: Hatch First 

Get SALT Encoding   

  12  0:00  Drone  
  13  0:13  Overlord  
  13  0:17  Drone  
  14  0:31  Drone x2  
  14  0:35  Drone  
  17  0:52  Hatchery  
  17  0:55  Drone  
  17  0:58  Drone  
  18  1:04  Extractor  
  17  1:14  Spawning Pool  
  17  1:17  Drone  
  17  1:21  Drone  
  18  1:28  Drone  
  19  1:39  Overlord  
  19  1:50  Drone  
  20  2:00  Queen  
  22  2:04  Queen, Zergling x2  
  22  2:05  Zergling x2  
  26  2:09  Metabolic Boost  
  26  2:13  Drone  
  27  2:16  Drone  
  27  2:22  Drone  
  29  2:37  Hatchery  
  28  2:39  Drone  
  28  2:42  Drone  
  31  2:44  Drone  
  31  2:48  Drone  
  31  2:50  Drone  
  33  2:54  Overlord  
  33  3:01  Queen  
  37  3:13  Drone x2  
  37  3:14  Drone x3  
  37  3:15  Drone  
  37  3:17  Drone  
  42  3:20  Overlord  
  42  3:27  Queen  
  44  3:39  Queen  
  44  3:40  Drone x2  
  44  3:41  Drone  
  49  3:42  Drone  
  49  3:45  Drone x2  
  52  3:48  Evolution Chamber  
  52  3:54  Evolution Chamber  
  52  3:55  Drone x3  
  52  4:00  Queen  
  55  4:04  Overlord  
  55  4:22  Zergling x2  
  55  4:23  Zergling x20  
  66  4:26  Zerg Melee Weapons Level 1  
  66  4:33  Overlord  
  66  4:40  Zerg Ground Armor Level 1  
  66  4:41  Extractor  
  66  4:44  Drone  
  66  4:45  Overlord  
  66  4:46  Overlord  
  66  4:51  Overlord  
  66  4:52  Drone x2  
  68  4:53  Drone x5  
  68  4:55  Drone  
  74  5:04  Overlord  
  74  5:05  Drone  
  74  5:06  Drone  
  76  5:10  Drone x4  
  76  5:13  Lair  
  76  5:14  Drone  
  81  5:15  Extractor  
  80  5:22  Baneling Nest  
  80  5:23  Drone x6  
  84  5:32  Queen x2  
  84  5:37  Drone x3  
  84  5:38  Zergling x4  
  84  5:40  Zergling x4  
  91  5:46  Zergling x4  
  91  5:47  Zergling x6  
  91  5:48  Zergling x4  
  98  6:06  Zergling x4  
  98  6:10  Overlord  
  100  6:15  Hatchery  
  97  6:19  Zergling x14  
  97  6:20  Hatchery, Overlord x3  
  97  6:22  Zerg Melee Weapons Level 2  
  103  6:26  Overlord  
  102  6:36  Centrifical Hooks  
  102  6:37  Zerg Ground Armor Level 2  
  100  6:42  Zergling x16  
  104  6:49  Zergling x4  
  104  6:50  Zergling x2  
  104  6:51  Zergling x2  
  108  6:54  Spore Crawler, Zergling x2  
  108  6:55  Zergling x2  
  109  7:03  Hatchery  
  109  7:04  Infestation Pit  
  109  7:05  Extractor, Zergling x2  
  109  7:07  Zergling x8  
  109  7:08  Zergling x6  
  114  7:09  Zergling x2  
  114  7:13  Queen  
  117  7:17  Overlord  
  117  7:19  Overlord  
  116  7:27  Zergling x12  
  116  7:29  Queen x2  
  126  7:33  Baneling x6  
  126  7:34  Baneling  
  126  7:35  Zergling x4  
  126  7:36  Zergling x4  
  130  7:39  Zergling x4  
  131  8:00  Drone  
  131  8:01  Drone x2  
  128  8:08  Zergling x14  
  128  8:09  Baneling  
  128  8:10  Baneling x17  
  135  8:16  Zergling x18  
  135  8:19  Hive  
  144  8:23  Zergling x6  
  144  8:24  Zergling x2  
  148  8:31  Zergling x2  
  148  8:32  Zergling x8  
  153  8:41  Overlord  
  153  8:44  Overlord x2  
  153  8:45  Overlord x2  
  153  8:46  Overlord  
  145  9:06  Zergling x18  
  145  9:07  Zergling x8  
  145  9:08  Zergling x2  
  145  9:09  Zergling x4  
  140  9:15  Zergling x4  
  140  9:16  Zergling x10  
  144  9:18  Baneling x2  
  144  9:24  Zergling x2  
  145  9:25  Zergling x4  
  145  9:26  Zergling x2  
  144  9:36  Ultralisk Cavern  
  137  9:40  Drone x3  
  137  9:41  Drone  
  137  9:42  Drone  
  137  9:44  Drone x2  
  144  9:45  Drone  
  145  9:54  Baneling x3  
  145  9:55  Baneling x3  
  145  9:56  Baneling  
Tags
 
Add a new tag
Caveats
  • Supply blocks, unpowered buildings, or Contaminate may cause inaccurate times.
  • Supply counts are checked every 10 seconds.